 Dungeon Crawl Stone Soup version 0.28.0-53-g5a82cb258f (webtiles) character file.

Game seed: 8433842076852919822

2830 kudzoo the Cleaver (level 9, -3/114 (123) HPs)
             Began as a Deep Dwarf Berserker on Aug 7, 2022.
             Was an Elder of Trog.
             Slain by a wight
             ... wielding a +0 halberd
              (14 damage)
             ... on level 8 of the Dungeon on Aug 8, 2022.
             The game lasted 01:25:44 (5592 turns).

kudzoo the Cleaver (Deep Dwarf Berserker)           Turns: 5592, Time: 01:25:45

HP:   -3/114 (123)  AC:  5    Str: 26    XL:     9   Next: 45%
MP:   4/4           EV: 14    Int:  9    God:    Trog [****..]
Gold: 456           SH:  5    Dex: 16    Spells: 8/8 levels left

rFire   + . .      SeeInvis .   a - +1 hand axe (freeze)
rCold   . . .      Faith    .   (no shield)
rNeg    . . .      Spirit   .   J - +0 steam dragon scales
rPois   .          Reflect  +   x - +1 helmet
rElec   .          Harm     .   (no cloak)
rCorr   .          Rampage  .   A - +0 pair of gloves
Will    +++..                   (no boots)
Stlth   ..........              P - amulet of reflection
HPRegen 1.00/turn               w - +6 ring of strength
MPRegen 0.09/turn               (no ring)

@: berserking (expiring), marked, strong-willed, corroded, regenerating,
drained, very quick
A: damage resistance, heal wounds, sense surroundings 2, no regeneration, fire
resistance 1, high MP 1
a: Heal Wounds, Renounce Religion, Berserk, Trog's Hand, Brothers in Arms


You were on level 8 of the Dungeon.
You worshipped Trog.
Trog was greatly pleased with you.
You visited 2 branches of the dungeon, and saw 9 of its levels.
You also visited: Sewer and Bailey.

You collected 456 gold pieces.

Inventory:

Hand Weapons
 a - a +1 hand axe of freezing (weapon)
 b - a +1 dagger of venom
 e - a +1 vorpal hand axe
 u - a +0 hunting sling
 E - a +0 trident
 G - a +0 war axe
 I - a +1 dagger of pain
 R - a +1 flail of draining
 W - a +0 battleaxe
Missiles
 g - 32 sling bullets
 k - 7 poisoned darts
 l - 33 bolts
 s - 146 stones
 v - a throwing net
 D - 6 javelins
 K - a boomerang of dispersal
 O - 12 boomerangs
Armour
 x - a +1 helmet (worn)
 A - a +0 pair of gloves (worn)
 J - +0 steam dragon scales (worn)
 T - a +0 chain mail
Jewellery
 h - a ring of ice
 w - a +6 ring of strength (left hand)
 P - an amulet of reflection (around neck)
Wands
 r - a wand of mindburst (13)
 y - a wand of flame (27)
 L - a wand of iceblast (8)
 S - a wand of paralysis (11)
Scrolls
 c - a scroll of vulnerability {unknown}
 i - 4 scrolls of teleportation
 j - a scroll of holy word {unknown}
 n - a scroll of amnesia
 p - a scroll of enchant weapon
 q - 3 scrolls of fear {unknown}
 t - a scroll of blinking {unknown}
 B - a scroll of brand weapon {unknown}
 C - a scroll of summoning {unknown}
 F - 2 scrolls of identify
 H - a scroll of enchant armour
 Q - a scroll of noise {unknown}
 Y - a scroll of silence {unknown}
 Z - a scroll of magic mapping {unknown}
Potions
 d - 2 potions of invisibility
 f - 3 potions of cancellation
 m - 2 potions of magic
 o - a potion of flight
 M - a potion of haste
 N - a potion of mutation
 U - a potion of heal wounds
 X - a potion of resistance


   Skills:
 * Level 6.2 Fighting
 + Level 0.8 Short Blades
 + Level 8.9 Axes
 * Level 5.7 Armour
 + Level 5.0 Dodging
 * Level 6.9 Stealth
 + Level 2.2 Shields


You had 8 spell levels left.
You didn't know any spells.
Your spell library contained the following spells:

 Spells                   Type           Power      Damage    Failure   Level
 Olgreb's Toxic Radiance  Pois           0%         N/A       99%         4
 Ozocubu's Refrigeration  Ice            0%         4d5       100%        7
 Ignition                 Fire           0%         3d3       100%        8


Dungeon Overview and Level Annotations

Branches:
Dungeon (8/15)             Temple (1/1) D:7            Lair (0/6) D:8
  Sewer (visited)          Bailey (visited)

Altars:
Cheibriados
Dithmenos
Elyvilon
Fedhas
Hepliaklqana
Kikubaaqudgha
Makhleb
Nemelex Xobeh
Okawaru
Qazlal
Sif Muna
Vehumet
Wu Jian
Xom
Yredelemnul
Zin

Shops:
D:3 =

Annotations:
D:3 1 runed translucent door, XVortexX's ghost, amateur NaTm
D:5 deep water path
D:6 Maggie
D:8 Gastronok


Innate Abilities, Weirdness & Mutations

You are resistant to damage.
You can heal yourself by infusing magical energy.
You passively map the area around you.
You do not regenerate.
Your flesh is heat resistant. (rF+)
You have an increased reservoir of magic. (+10% MP)


Message History

You hit the orc warrior but do no damage.
The orc warrior is moderately wounded.
You hit the wight.
You destroy the wight!
Trog accepts your kill.
You closely miss the wight. You completely miss the orc.
The orc warrior hits you with a +0 flail.
* * * LOW HITPOINT WARNING * * *
You block the wight's attack.
The wight hits you from afar with a +0 halberd!
* * * LOW HITPOINT WARNING * * *
You feel drained.
Unknown command.
You slash the orc! You freeze the orc.
You feel the power of Trog in you as your rage grows.
You kill the orc!
Trog accepts your kill.
You hit the orc warrior. You freeze the orc warrior. You hit something.
You freeze something. You hit the wight. The wight closely misses you.
You completely miss the wight.
The wight is moderately damaged.
You hit something. You freeze something. You hit the orc warrior.
You freeze the orc warrior. The orc warrior barely misses you.
Something hits you. The wight closely misses you.
The wight hits you from afar with a +0 halberd!
* * * LOW HITPOINT WARNING * * *
You feel drained.
You hit the wight.
The wight is heavily damaged.
You hit the orc warrior but do no damage.
You barely miss something. The wight closely misses you.
You hear some strange, mumbled words.
A puff of flame appears from out of thin air!
The puff of flame misses you. The orc warrior completely misses you.
You closely miss the wight.
The wight is heavily damaged.
You hit the orc warrior but do no damage.
You closely miss something.
The wight hits you from afar with a +0 halberd!
You die...

, *,* , , ,.,, , ,
##.. . ** , ###..
.. ,,
###...####..., *
##............, ,
#.............,,,,
#####....{z)z....#*
* ,
##.........@oz.....
,
............)...#..
,,
#...........###.#
#..........##....
,,, ,
##.........#......
, #...#...........
#.............. ..,
,, , #.....##......
... , ,, ,
#......#...#......
, ,, ,


You could see an orc warrior and 3 wights.

Vanquished Creatures
  A yak (D:5)
  A steam dragon (D:8)
  2 water moccasins
  3 orc warriors
  A hornet zombie (D:5)
  A sky beast (D:7)
  A necrophage (D:5)
  A centaur (D:6)
  A phantom (D:3)
  4 bullfrogs
  A kobold brigand (D:7)
  3 scorpions
  A water moccasin skeleton (D:5)
  A wight (D:8)
  A bullfrog zombie (D:7)
  2 centaur zombies (D:5)
  6 hounds
  A gnoll shaman (D:7)
  An orc priest (D:8)
  4 jellies
  A bullfrog skeleton (D:4)
  2 iguanas (D:6)
  7 orc wizards
  A hound zombie (D:5)
  Robin (D:2)
  5 gnolls
  11 adders
  A shadow imp (D:7)
  An ufetubus (D:7)
  A worm (D:2)
  2 dart slugs (D:3)
  28 orcs
  6 endoplasms
  12 giant cockroaches
  18 goblins
  11 hobgoblins
  6 jackals
  12 kobolds
  11 quokkas
  7 ball pythons
  3 bats
  6 frilled lizards
  8 rats
198 creatures vanquished.

Notes
Turn   | Place    | Note
-------+----------+-------------------------------------------
     0 | D:1      | kudzoo the Deep Dwarf Berserker began the quest for the
                  | Orb.
     0 | D:1      | Reached XP level 1. HP: 20/20 MP: 1/1
   263 | D:1      | Found a faded altar of an unknown god.
   426 | D:1      | Reached XP level 2. HP: 18/27 MP: 2/2
   514 | D:1      | Reached skill level 1 in Stealth
   958 | D:2      | Reached ** piety under Trog
   987 | D:2      | Reached XP level 3. HP: 24/34 MP: 3/3
  1093 | D:2      | Reached skill level 4 in Axes
  1254 | D:2      | Reached XP level 4. HP: 14/42 MP: 4/4
  1386 | D:2      | Noticed Robin
  1398 | D:2      | Killed Robin
  1656 | D:3      | Noticed a phantom
  1691 | D:3      | Killed a phantom
  1692 | D:3      | Reached skill level 5 in Axes
  1692 | D:3      | Reached XP level 5. HP: 31/49 MP: 4/4
  1775 | D:3      | Reached *** piety under Trog
  1856 | D:3      | Found a runed translucent door.
  1859 | D:3      | Noticed XVortexX's ghost (amateur NaTm)
  1936 | D:3      | Found a glowing drain.
  1973 | Sewer    | Entered a sewer
  2071 | Sewer    | Reached XP level 6. HP: 28/56 MP: 5/5
  2467 | D:3      | Found Faroa's Jewellery Shoppe.
  2848 | D:4      | Reached skill level 6 in Axes
  2879 | D:4      | Reached **** piety under Trog
  2933 | D:4      | Reached XP level 7. HP: 32/64 MP: 6/6
  3043 | D:5      | Entered Level 5 of the Dungeon
  3387 | D:5      | Reached skill level 7 in Axes
  3503 | D:5      | Reached XP level 8. HP: 35/72 MP: 7/7
  3925 | D:6      | Reached skill level 5 in Stealth
  4036 | D:5      | Reached skill level 5 in Fighting
  4179 | D:6      | Reached skill level 8 in Axes
  4179 | D:6      | Reached skill level 1 in Shields
  4347 | D:6      | Reached skill level 5 in Armour
  4474 | D:6      | Noticed Maggie
  4548 | D:7      | Found a flagged portal.
  4643 | Bailey   | Entered a bailey
  4681 | Bailey   | Noticed an orc warlord
  4687 | Bailey   | Found the ring of the Mage {Wiz Archmagi}
  4888 | D:7      | Gained mutation: You passively map the area around you.
                  | [Deep Dwarf growth]
  4888 | D:7      | Reached XP level 9. HP: 22/81 MP: 5/5
  5145 | D:7      | Gained mutation: You have an increased reservoir of magic.
                  | (+10% MP) [potion of mutation]
  5145 | D:7      | Gained mutation: Your flesh is heat resistant. (rF+)
                  | [potion of mutation]
  5184 | D:7      | Found a staircase to the Ecumenical Temple.
  5191 | Temple   | Entered the Ecumenical Temple
  5371 | D:8      | Found a shadowy altar of Dithmenos.
  5397 | D:8      | Reached skill level 5 in Dodging
  5465 | D:8      | Noticed Gastronok
  5554 | D:8      | Found a staircase to the Lair.
  5592 | D:8      | Slain by a wight

Illustrated notes

Levels and vault maps discovered:
D:1:      saegor_arrival_simple_b, layout_loops_corners,
          shapermc_ecumenical_altar_ellora
D:2:      layout_basic, hangedman_decor_push, roderic_nine_men_s_morris,
          uniq_robin
D:3:      layout_loops_cross, portal_sewer_entry_f, serial_shops,
          shop_fountains, hellmonk_ghost_happy_afterlife, hex_large
D:4:      layout_cave_pools
D:5:      layout_basic, lemuel_another_geyser
D:6:      layout_basic, uniq_maggie, uniq_crazy_yiuf_cottage
D:7:      layout_basic, temple_statues, enter_bailey_2
D:8:      layout_cave_pools, minmay_overflow_temple_star_hex,
          amcnicky_altar_gilded, lair_entry_dummy, kennysheep_generic_room_13,
          uniq_gastronok
Temple:   minmay_freezing_vapour_temple

Skill      XL: |  1  2  3  4  5  6  7  8  9 |
---------------+----------------------------+-----
Stealth        | 1 2 3 4 6 |  6.9
Fighting       | 3 4 5 6 |  6.2
Axes           | 4 5 6 7 8 |  8.9
Dodging        | 3 4 5 |  5.0
Armour         | 3 4 5 |  5.7
Shields        | 1 2 |  2.2
Short Blades   | |  0.8

Action                   |  1- 3 |  4- 6 |  7- 9 || total
-------------------------+-------+-------+-------++-------
Melee: Hand axe          |   116 |   314 |   373 ||   803
       Punch             |       |     3 |     7 ||    10
       Dagger            |       |       |    34 ||    34
Invok: Berserk           |       |       |     3 ||     3
       Trog's Hand       |       |       |     3 ||     3
 Abil: Heal Wounds       |     1 |     8 |    14 ||    23
  Use: Scroll            |       |       |    14 ||    14
       Potion            |       |       |     1 ||     1
 Stab: Sleeping          |     3 |     5 |     7 ||    15
Armor: Animal skin       |    23 |       |       ||    23
       Leather armour    |     6 |    87 |    90 ||   183
       Steam dragon scal |       |       |     5 ||     5
Dodge: Dodged            |    61 |   187 |   259 ||   507
Block: Other             |       |       |    71 ||    71
       Reflection        |       |       |     4 ||     4
